 Dungeon Crawl Stone Soup version 0.29.1-15-g9cfb28693d (webtiles) character file.

Game seed: 13150799239453222476

71 protoss039 the Digger (level 4, 33/33 HPs)
             Began as a Demonspawn Earth Elementalist on Mar 16, 2023.
             Got out of the dungeon alive.
             The game lasted 00:01:53 (1951 turns).

protoss039 the Digger (DsEE)                        Turns: 1951, Time: 00:01:54

Health: 33/33      AC:  8    Str:  8    XL:     4   Next: 5%
Magic:  8/8        EV: 12    Int: 18    God:
Gold:   105        SH:  0    Dex: 21    Spells: 7/8 levels left

rFire   . . .      SeeInvis .   q - +2 long sword (vamp)
rCold   . . .      Faith    .   i - orb {light}
rNeg    . . .      Spirit   .   k - +2 leather armour of Submission {Dex+7}
rPois   .          Reflect  .   (helmet restricted)
rElec   .          Harm     .   p - +0 cloak
rCorr   .          Rampage  .   c - +1 pair of gloves
Will    .....                   (no boots)
Stlth   +.........              (no amulet)
HPRegen 0.11/turn               (no ring)
MPRegen 0.11/turn               (no ring)

@: glowing
A: antennae 1, ignite blood 1, spiny 1
a: no special abilities


You escaped.
You visited 1 branch of the dungeon, and saw 2 of its levels.

You collected 105 gold pieces.

Inventory:

Hand Weapons
 q - a +2 vampiric long sword (weapon)
Armour
 c - a +1 pair of gloves (worn)
 i - an orb of light (worn)
 k - the +2 leather armour of Submission (worn) {Dex+7}
   (You found it on level 2 of the Dungeon)

   Dex:       It affects your dexterity (+7).
 p - a +0 cloak (worn)
Scrolls
 e - a scroll of vulnerability {unknown}
 f - a scroll of teleportation {unknown}
 l - a scroll of enchant armour {unknown}
 m - a scroll of noise {unknown}
Potions
 b - a potion of magic
 d - a potion of curing {unknown}
 g - a potion of might {unknown}
 h - a potion of heal wounds {unknown}
 j - a potion of resistance {unknown}
 n - a potion of degeneration {unknown}
 o - a potion of attraction {unknown}


   Skills:
 + Level 1.9 Fighting
 - Level 1.7 Dodging
 - Level 1.7 Stealth
 + Level 2.8 Spellcasting
 - Level 0.8 Transmutations
 + Level 3.4 Earth Magic


You had 7 spell levels left.
You knew the following spells:

 Your Spells              Type           Power      Damage    Failure   Level
a - Sandblast             Erth           28%        2d8       6%          1

Your spell library contained the following spells:

 Spells                   Type           Power      Damage    Failure   Level
 Passwall                 Tmut/Erth      8%         N/A       16%         2
 Stone Arrow              Conj/Erth      16%        3d8       34%         3
 Petrify                  Tmut/Erth      10%        N/A       69%         4


Dungeon Overview and Level Annotations

Branches:
Dungeon (2/15) Zot: 10034

Altars:


Innate Abilities, Weirdness & Mutations

You have a pair of small antennae on your head.
Your demonic aura sometimes causes spilled blood to erupt in flames.
You are partially covered in sharp spines.


Message History

An adder is nearby!
A frilled lizard comes into view.
The frilled lizard hisses angrily.
An endoplasm comes into view.
Found a stone staircase leading down.
The endoplasm quivers.
You slash the adder!
The adder is severely wounded.
The adder bites you but does no damage. The adder bites you.
You hit the adder.
You feel better.
The adder is almost dead.
The adder bites you but does no damage. The adder misses you.
Unknown command.
You slash the adder!
You kill the adder!
The frilled lizard closely misses you.
You have reached level 4!
You feel agile.
Your demonic ancestry asserts itself...
A pair of antennae grows on your head!
You closely miss the frilled lizard.
The frilled lizard is struck by your spines.
You kill the frilled lizard!
The endoplasm closely misses you.
Unknown command.
You hit the endoplasm.
The endoplasm is almost dead.
The endoplasm closely misses you.
Unknown command.
Unknown command.
You hit the endoplasm.
You kill the endoplasm!
No target in view!
Unknown command.
There is a stone staircase leading up here.
You climb upwards.
There is a stone staircase leading down here.
You see here a +0 robe.
There is a staircase leading out of the dungeon here.
Are you sure you want to leave the Dungeon?
This will make you lose the game!
You have escaped!

#........#########.####.#
####.
#........#.......#......#
#...
#..........#.........#..#
#.##
#........#...#######.#..#
#.#
#........###.#.....#.#..#
#.#
#..................#.#..#
#.#
#########.#######..#.#..##
#.# #.#.....#..#.#...# #.#
#.#..#@....#.##..# #.#
#.#..#######.##..###.#
#.#..........##......##
#.#.....#...###.####...
#.#######..####.## ###.
#..........##....######
####...................
#####...########.#########
#####
##.....####.....#.#.......#


There were no monsters in sight!

Vanquished Creatures
  3 adders (D:2)
  A dart slug (D:1)
  3 bats
  4 endoplasms
  4 giant cockroaches (D:1)
  7 goblins
  4 hobgoblins
  3 kobolds
  A quokka (D:2)
  2 ball pythons (D:2)
  3 frilled lizards
  4 rats
39 creatures vanquished.

Notes
Turn   | Place    | Note
-------+----------+-------------------------------------------
     0 | D:1      | protoss039 the Demonspawn Earth Elementalist began the
                  | quest for the Orb.
     0 | D:1      | Reached XP level 1. HP: 13/13 MP: 3/3
   194 | D:1      | Gained mutation: Your demonic aura sometimes causes spilled
                  | blood to erupt in flames. [demonic ancestry]
   194 | D:1      | Reached XP level 2. HP: 20/20 MP: 0/5
   353 | D:1      | Reached skill level 3 in Earth Magic
   354 | D:1      | Reached skill level 1 in Fighting
   482 | D:1      | Found a faded altar of an unknown god.
   919 | D:2      | Gained mutation: You are partially covered in sharp spines.
                  | [demonic ancestry]
   919 | D:2      | Reached XP level 3. HP: 21/26 MP: 3/6
  1348 | D:2      | Identified the +2 leather armour of Submission {Dex+7}
  1907 | D:2      | Gained mutation: You have a pair of small antennae on your
                  | head. [demonic ancestry]
  1907 | D:2      | Reached XP level 4. HP: 33/33 MP: 8/8
  1951 | D:$      | Got out of the dungeon alive.

Illustrated notes

Levels and vault maps discovered:
D:1:      ebering_hopf_link, layout_basic,
          hellmonk_ecumenical_altar_inner_sanctum
D:2:      layout_loops_cross, hangedman_glass_teeth, grunt_decor_clamped,
          bh_walls_and_bars

Skill      XL: |  1  2 |
---------------+-------+-----
Earth Magic    | 3 |  3.4
Fighting       | 1 |  1.9
Dodging        | |  1.7
Stealth        | |  1.7
Spellcasting   | |  2.8
Transmutations | |  0.8

Action                   |  1- 3 |  4- 6 || total
-------------------------+-------+-------++-------
Melee: Dagger            |    51 |       ||    51
       Unarmed           |     1 |       ||     1
       Long sword        |     3 |     3 ||     6
 Cast: Sandblast         |    25 |       ||    25
Armor: Ring mail         |    43 |       ||    43
       Leather armour    |     4 |       ||     4
Dodge: Dodged            |    39 |     2 ||    41
